 Dungeon Crawl Stone Soup version 0.31-a0-117-g42d8f58691 (webtiles) character file.

Game seed: 16985782882217111364

749 metalmilita the Ducker (level 8, -6/55 HPs)
             Began as a Djinni Fire Elementalist on May 30, 2023.
             Mangled by an orc warrior
             ... wielding a +0 halberd
              (12 damage)
             ... on level 6 of the Dungeon.
             The game lasted 00:40:52 (5641 turns).

metalmilita the Ducker (Djinni Fire Elementalist)   Turns: 5641, Time: 00:40:53

Health: -6/55      AC:  5    Str:  7    XL:     8   Next: 6%
Gold:   142        EV: 14    Int: 19    God:
                   SH:  0    Dex: 18

rFire   + + .        z - +9 spear "Qeclad" {venom, Dex+4}
rCold   x . .        (no shield)
rNeg    . . .        y - +0 leather armour
rPois   ∞            e - +0 helmet
rElec   .            x - +0 cloak
rCorr   .            (no gloves)
SInv    .            (boots unavailable)
Will    .....        (no amulet)
Stlth   +++          i - ring of magical power
HPRegen 0.29/turn    (no ring)
MPRegen 0.00/turn

%: infuse magic (-7 HP)
@: flying
A: sickness immunity, fire resistance 2, cold vulnerability 1, float, innate
caster, HP casting, extra vitality 1
a: no special abilities


You were on level 6 of the Dungeon.
You visited 1 branch of the dungeon, and saw 6 of its levels.

You collected 142 gold pieces.

Inventory:

Hand Weapons
 r - a +0 sling
 u - a +0 whip of electrocution
 w - a +3 quarterstaff of chaos
 z - the +9 spear "Qeclad" (weapon) {venom, Dex+4}
   (You found it on level 3 of the Dungeon)

   Dex:       It affects your dexterity (+4).
Missiles
 c - 16 stones
 o - 5 poisoned darts
Armour
 a - a +0 robe
 e - a +0 helmet (worn)
 x - a +0 cloak (worn)
 y - a +0 leather armour (worn)
Jewellery
 h - a +5 ring of evasion
 i - a ring of magical power (left hand)
 q - a ring of see invisible
 D - a ring of protection from cold
Wands
 s - a wand of light (7)
Scrolls
 d - a scroll of poison {unknown}
 f - a scroll of enchant weapon
 g - 5 scrolls of identify
 j - 2 scrolls of teleportation
 A - a scroll of magic mapping {unknown}
 C - a scroll of amnesia {unknown}
Potions
 b - a potion of heal wounds
 k - a potion of brilliance {unknown}
 l - a potion of might {unknown}
 m - a potion of degeneration {unknown}
 n - 2 potions of enlightenment {unknown}
 t - 2 potions of mutation {unknown}
 B - a potion of attraction {unknown}


   Skills:
 + Level 2.4 Fighting
 + Level 2.5(2.6) Polearms
 + Level 0.3(1.8) Staves
 + Level 0.1 Armour
 + Level 6.3 Dodging
 + Level 4.3 Stealth
 - Level 3.0 Spellcasting
 - Level 3.0 Conjurations
 - Level 3.0 Hexes
 - Level 3.0 Summonings
 - Level 3.0 Necromancy
 - Level 3.0 Translocations
 - Level 3.0 Transmutations
 - Level 3.0 Fire Magic
 - Level 3.0 Ice Magic
 - Level 3.0 Air Magic
 - Level 3.0 Earth Magic
 - Level 3.0 Poison Magic


You knew the following spells:

 Your Spells              Type           Power      Damage    Failure   Level
a - Foxfire               Conj/Fire      56%        2x1d6     6%          1
b - Scorch                Fire           28%        2d6       10%         2
c - Volatile Blastmotes   Fire/Tloc      28%        2d12      19%         3
d - Inner Flame           Hex/Fire       14%        N/A       19%         3
e - Flame Wave            Conj/Fire      14%        2d6       54%         4
f - Summon Small Mammal   Summ           56%        N/A       6%          1
g - Static Discharge      Conj/Air       28%        2-4/arc   10%         2
h - Momentum Strike       Conj/Tloc      28%        3d8       10%         2
Your spell library was empty.

Dungeon Overview and Level Annotations

Branches:
Dungeon (6/15)
 Temple: D:4-7

Altars:
Okawaru

Shops:
D:1 :   D:5 [


Innate Abilities, Weirdness & Mutations

You are immune to sickness and miasma.
You are immune to poison.
Your flesh is very heat resistant. (rF++)
You are vulnerable to cold. (rC-)
You float through the air rather than walking.
You learn spells naturally, not from books.
Your magical power is your life essence.
You have superior vitality. (+4 MHP)


Message History

The orc is severely wounded.
The orc barely misses you.
The orc warrior hits you from afar with a +0 halberd!
Something hits you.
You puncture the orc!
You kill the orc!
Something hits you but does no damage. The orc warrior misses you.
Something hits you.
The orc warrior hits you with a +0 halberd!
You see here a +0 trident.
You puncture the orc warrior!
The orc warrior is moderately wounded.
You puncture the orc warrior!
The orc warrior is heavily wounded.
Something hits you but does no damage. The orc warrior closely misses you.
You hit the orc warrior. Your punch misses the orc warrior.
The orc warrior is severely wounded.
Something completely misses you. The orc warrior closely misses you.
You barely miss the orc warrior.
The orc warrior is severely wounded.
Something hits you.
The orc warrior hits you but does no damage.
You hit the orc warrior but do no damage.
The orc warrior is poisoned.
The orc warrior is severely wounded.
Something hits you but does no damage. The orc warrior closely misses you.
You hit the orc warrior.
The orc warrior looks even sicker.
The orc warrior is almost dead.
Something barely misses you.
The orc warrior hits you with a +0 halberd!
* * * LOW HITPOINT WARNING * * *
You hit the orc warrior but do no damage.
The orc warrior is almost dead.
Something hits you.
* * * LOW HITPOINT WARNING * * *
The orc warrior hits you with a +0 halberd!
* * * LOW HITPOINT WARNING * * *
You hit something. Something hits you but does no damage.
The orc warrior hits you with a +0 halberd!
You die...

.. #. #
###.########
..#..........##
#.............##
#........?.....#
...............#
#......o@......#
(..............#
........)†.....#
.#............##
##.......>..##
###.######## ...
#... ##.


You could see an orc warrior (very poisoned).

Vanquished Creatures
  A phantom (D:5)
  A bullfrog (D:4)
  A scorpion (D:4)
  2 jellies (D:5)
  Crazy Yiuf (D:2)
  A sleepcap (D:5)
  Jessica (D:2)
  A human zombie (D:4)
  2 iguanas
  Terence (D:3)
  2 orc wizards (D:5)
  5 adders
  4 gnolls (D:2)
  A shadow imp (D:5)
  A white imp (D:5)
  2 ufetubi (D:5)
  3 worms
  A dart slug (D:1)
  13 orcs
  7 ball pythons
  8 endoplasms
  6 giant cockroaches
  9 hobgoblins
  8 jackals (D:1)
  5 kobolds
  7 quokkas
  4 bats
  4 frilled lizards
  12 goblins
  4 rats
118 creatures vanquished.

Vanquished Creatures (collateral kills)
  A gnoll (D:1)
  A dart slug (D:3)
  A ball python (D:2)
  2 endoplasms
  A goblin (D:1)
  3 foxfires (D:2)
9 creatures vanquished.

Vanquished Creatures (others)
  132 foxfires
132 creatures vanquished.

Grand Total: 259 creatures vanquished

Notes
Turn   | Place    | Note
-------+----------+-------------------------------------------
     0 | D:1      | metalmilita the Djinni Fire Elementalist began the quest
                  | for the Orb.
     0 | D:1      | metalmilita set off with the following spells memorised:
                  | Foxfire, Scorch, Volatile Blastmotes, Inner Flame, Flame
                  | Wave.
     0 | D:1      | Reached XP level 1. HP: 15/15 MP: 0/0
   167 | D:1      | Reached XP level 2. HP: 5/21 MP: 0/0
   476 | D:1      | Reached XP level 3. HP: 22/25 MP: 0/0
   476 | D:1      | Learned a level 1 spell: Summon Small Mammal
   513 | D:1      | Reached skill level 3 in Dodging
   639 | D:1      | Found Jakif's Book Emporium.
   639 | D:1      | Noticed a walking crystal tome
   651 | D:1      | Noticed a walking earthen tome
   775 | D:1      | Reached XP level 4. HP: 12/31 MP: 0/0
  1271 | D:2      | Found a faded altar of an unknown god.
  1284 | D:2      | Reached skill level 4 in Dodging
  1460 | D:2      | Noticed Jessica
  1466 | D:2      | Killed Jessica
  1467 | D:2      | Reached XP level 5. HP: 33/36 MP: 0/0
  1467 | D:2      | Learned a level 2 spell: Static Discharge
  2292 | D:2      | Found a runed translucent door.
  2293 | D:2      | Noticed Crazy Yiuf
  2304 | D:2      | Killed Crazy Yiuf
  2305 | D:2      | Reached skill level 5 in Dodging
  2305 | D:2      | Reached XP level 6. HP: 32/41 MP: 0/0
  2599 | D:3      | Identified the +9 spear "Qeclad" {venom, Dex+4}
  2732 | D:3      | Reached skill level 1 in Fighting
  2875 | D:3      | Noticed Terence
  2891 | D:3      | Killed Terence
  3002 | D:3      | Got Sif Muna's Compilation of Unholy Vapour
  3272 | D:4      | Found a sand-covered staircase.
  3480 | D:4      | Reached XP level 7. HP: 32/47 MP: 0/0
  3480 | D:4      | Learned a level 2 spell: Momentum Strike
  3937 | D:4      | Reached skill level 1 in Polearms
  3937 | D:4      | Reached skill level 6 in Dodging
  4230 | D:4      | Found an iron altar of Okawaru.
  4742 | D:5      | Entered Level 5 of the Dungeon
  5375 | D:5      | Reached XP level 8. HP: 49/55 MP: 0/0
  5450 | D:5      | Found Naczukog's Armour Shoppe.
  5641 | D:6      | Mangled by an orc warrior

Illustrated notes

Levels and vault maps discovered:
D:1:      lightli_arrival_statuegarden, layout_basic, serial_shops,
          nicolae_shop_mannequins, st_stairs_3, serial_bayou_lagoon_a,
          nicolae_grassy_gnolls
D:2:      layout_rooms, ebering_ecumenical_altar_rust,
          minmay_misc_feat_four_crosses, kennysheep_generic_room_5,
          uniq_jessica, uniq_crazy_yiuf_cottage
D:3:      layout_basic, uniq_terence
D:4:      layout_basic, mainiacjoe_overflow_cross_hatched, enter_ossuary_3,
          hangedman_abyss_or_decor_stabs, reono_crystal_passage
D:5:      layout_loops_ring, serial_shops, nicolae_shop_trees,
          grunt_ministairs_3
D:6:      layout_rooms

Skill      XL: |  1  2  3  4  5  6  7 |
---------------+----------------------+-----
Spellcasting   | |  3.0
Conjurations   | |  3.0
Hexes          | |  3.0
Summonings     | |  3.0
Necromancy     | |  3.0
Translocations | |  3.0
Transmutations | |  3.0
Fire Magic     | |  3.0
Ice Magic      | |  3.0
Air Magic      | |  3.0
Earth Magic    | |  3.0
Poison Magic   | |  3.0
Stealth        | 2 3 4 |  4.3
Dodging        | 3 4 5 6 |  6.3
Fighting       | 1 2 |  2.4
Polearms       | 2 |  2.5
Staves         | |  0.3
Armour         | |  0.1

Action                     |  1- 3 |  4- 6 |  7- 9 || total
---------------------------+-------+-------+-------++-------
  Melee: Unarmed           |     2 |       |       ||     2
         Punch             |     1 |       |     1 ||     2
         Club              |     3 |       |       ||     3
         Whip              |       |     6 |       ||     6
         Spear             |       |    20 |    95 ||   115
         Quarterstaff      |       |     1 |       ||     1
   Cast: Foxfire           |    33 |    64 |     3 ||   100
         Scorch            |     8 |    41 |       ||    49
         Summon Small Mamm |     5 |    21 |     1 ||    27
         Volatile Blastmot |     4 |     6 |       ||    10
         Inner Flame       |     1 |     2 |       ||     3
         Flame Wave        |       |     3 |       ||     3
         Static Discharge  |       |     4 |       ||     4
    Use: Scroll            |     2 |     3 |       ||     5
         Potion            |       |     1 |       ||     1
   Stab: Sleeping          |       |       |     9 ||     9
 Armour: Robe              |     3 |    11 |     9 ||    23
         Leather armour    |       |       |     8 ||     8
  Dodge: Dodged            |    29 |    49 |    46 ||   124

Table legend: (Time is in decaauts)
 A = Elapsed time spent in this place.
 B = Non-inter-level travel time spent in this place.
 C = Inter-level travel time spent in this place.
 D = Time resting spent in this place.
 E = Time spent auto-exploring this place.
 F = Levels seen in this place.
 G = Mean time per level.
                   A        B        C        D        E       F      G
               +--------+--------+--------+--------+--------+-----+--------+
         Total |   5641 |   5600 |     41 |   1148 |   2638 |   6 |  940.2 |
       Dungeon |   5641 |   5600 |     41 |   1148 |   2638 |   6 |  940.2 |
               +--------+--------+--------+--------+--------+-----+--------+

Top non-repeatable levels by time:
     D:4: 1473 daAuts
     D:1: 1234 daAuts
     D:2: 1153 daAuts
     D:3: 881 daAuts
     D:5: 879 daAuts
     D:6: 18 daAuts
